 Dungeon Crawl Stone Soup version 0.28-a0-1389-gc726bef33b (webtiles) character file.

Game seed: 4481142390885694637

304 Deminshera the Skirmisher (level 6, -9/50 HPs)
             Began as a Human Monk on Jan 3, 2022.
             Killed from afar by Ijyb (41 damage)
             ... with a bolt of acid
             ... on level 4 of the Dungeon.
             The game lasted 00:03:15 (5095 turns).

Deminshera the Skirmisher (Human Monk)              Turns: 5095, Time: 00:03:15

Health: -9/50      AC:  5    Str: 13    XL:     6   Next: 66%
Magic:  6/6        EV:  9    Int: 11    God:
Gold:   130        SH:  9    Dex: 15    Spells: 5/5 levels left

rFire   . . .      SeeInvis .   f - +2 dagger (venom)
rCold   . . .      Faith    .   g - +0 kite shield
rNeg    . . .      Spirit   .   h - +0 ring mail
rPois   .          Reflect  .   (no helmet)
rElec   .          Harm     .   (no cloak)
rCorr   .          Rampage  .   (no gloves)
Will    .....                   (no boots)
Stlth   ++........              (no amulet)
HPRegen 0.16/turn               (no ring)
MPRegen 0.10/turn               (no ring)

@: no status effects
A: no striking features
a: no special abilities


You were on level 4 of the Dungeon.
You visited 1 branch of the dungeon, and saw 4 of its levels.

You collected 130 gold pieces.

Inventory:

Hand Weapons
 f - a +2 dagger of venom (weapon)
Armour
 b - a +0 robe
 g - a +0 kite shield (worn)
 h - a +0 ring mail (worn)
Jewellery
 j - a +4 ring of evasion
 k - a ring of ice
Scrolls
 a - 2 scrolls of identify {unknown}
 d - 2 scrolls of magic mapping {unknown}
 e - a scroll of teleportation {unknown}
 l - a scroll of fear {unknown}
 m - a scroll of vulnerability {unknown}
 p - a scroll of blinking {unknown}
 q - a scroll of noise {unknown}
 s - a scroll of immolation {unknown}
Potions
 c - 2 potions of heal wounds {unknown}
 i - a potion of curing {unknown}
 n - a potion of brilliance {unknown}
 o - a potion of flight {unknown}
 r - a potion of mutation {unknown}


   Skills:
 + Level 4.9 Fighting
 - Level 3.0 Short Blades
 - Level 4.0 Dodging
 - Level 3.0 Stealth
 + Level 3.2 Shields


You had 5 spell levels left.
You didn't know any spells.
Your spell library contained the following spells:

 Spells                   Type           Power      Damage    Failure   Level
 Conjure Flame            Conj/Fire      0%         6-21      100%        3
 Ignite Poison            Fire/Tmut/Pois 0%         N/A       100%        3
 Stone Arrow              Conj/Erth      0%         3d7       100%        3
 Animate Armour           Summ/Erth      0%         N/A       100%        4
 Sticky Flame             Conj/Fire      0%         2d3       100%        4
 Lehudib's Crystal Spear  Conj/Erth      0%         10d2      100%        8


Dungeon Overview and Level Annotations

Branches:
Dungeon (4/15)
 Temple: D:4-7

Altars:

Shops:
D:1 *   D:2 !=((

Annotations:
D:4 Ijyb


Message History

You can't go down here!
The quokka barely misses you.
You climb upwards.
There is a stone staircase leading down here.
You are too injured to fight recklessly!
You are too injured to fight recklessly!
You are too injured to fight recklessly!
You are too injured to fight recklessly!
You are too injured to fight recklessly!
You hit the quokka.
The quokka is moderately wounded.
You block the quokka's attack.
The quokka bites you but does no damage.
You hit the quokka.
The quokka is poisoned.
The quokka is severely wounded.
You kill the quokka!
There is a stone staircase leading down here.
You start resting.
HP restored.
You climb downwards.
Level annotation: Ijyb You block the orc's attack.
Ijyb zaps a wand.
The bolt of acid hits the orc!!
The acid corrodes the orc!
The orc dies!
The bolt of acid hits you!!
Ouch! That really hurt!
There is a stone staircase leading up here.
You climb upwards.
There is a stone staircase leading down here.
You start resting.
HP restored.
You climb downwards.
Level annotation: Ijyb
There is a stone staircase leading up here.
Ijyb zaps a wand.
The bolt of acid hits you!!
Things that are here:
a +0 ring mail; a +0 hand axe Ijyb zaps a wand.
The bolt of acid hits you!!!
Ouch! That really hurt!
You die...

..#..#.##### #.#
.....#.######## #.#
....g#......... #>#
.....#########.##.#
...g.# #).#
...#####.## #)##
........... #<#
...#####.#. #[#
...# #@# ...#####
#g# .....g.# #.#
######.# #.#
######.# #.#
.g.g...# #.#
######## #.# ..)#
#.# ...# #.#


You could see Ijyb.

Vanquished Creatures
  A scorpion (D:3)
  A hound (D:3)
  An iguana (D:4)
  A hound skeleton (D:4)
  6 gnolls (D:4)
  4 adders
  A shadow imp (D:3)
  A worm (D:2)
  2 orcs (D:3)
  A bat (D:1)
  2 endoplasms (D:1)
  2 giant cockroaches
  4 goblins
  6 hobgoblins
  3 jackals (D:4)
  2 kobolds
  3 quokkas
  10 ball pythons
  3 frilled lizards
  4 rats
58 creatures vanquished.

Vanquished Creatures (others)
  An orc wizard (D:4)
  2 orcs (D:4)
3 creatures vanquished.

Grand Total: 61 creatures vanquished

Notes
Turn   | Place    | Note
-------+----------+-------------------------------------------
     0 | D:1      | Deminshera the Human Monk began the quest for the Orb.
     0 | D:1      | Reached XP level 1. HP: 18/18 MP: 1/1
   569 | D:1      | Reached XP level 2. HP: 8/24 MP: 2/2
  1497 | D:1      | Reached XP level 3. HP: 29/29 MP: 3/3
  1619 | D:1      | Found Cyuzuf's General Store.
  1809 | D:2      | Found Mosent's Distillery.
  1890 | D:2      | Found Viruntep's Weapon Shoppe.
  1973 | D:2      | Found Kuttaow's Weapon Shop.
  2067 | D:2      | Found Zerch's Jewellery Shoppe.
  2092 | D:2      | Found a faded altar of an unknown god.
  2094 | D:2      | Reached skill level 1 in Shields
  2094 | D:2      | Reached XP level 4. HP: 35/35 MP: 4/4
  3349 | D:3      | Noticed a scorpion
  3360 | D:3      | Killed a scorpion
  3361 | D:3      | Reached XP level 5. HP: 20/42 MP: 5/5
  3821 | D:4      | Reached XP level 6. HP: 40/49 MP: 6/6
  4718 | D:4      | Noticed Ijyb
  5095 | D:4      | Killed from afar by Ijyb

Illustrated notes

Levels and vault maps discovered:
D:1:      amcnicky_arrival_double_pillar, layout_basic, serial_shops, shop,
          roderic_st_hans_cross
D:2:      layout_basic, nicolae_ecumenical_snake_handling, serial_shops,
          nicolae_square_shop, nicolae_shop_hallway_stairs, shop,
          nicolae_shop_crystal
D:3:      layout_loops_ring
D:4:      layout_basic, nemelex_spade_bored_becter, jmf_multi_god_temple2,
          minmay_temple_entry_large_hall, uniq_ijyb

Skill      XL: |  1  2  3  4  5  6 |
---------------+-------------------+-----
Shields        | 1 2 3 |  3.2
Stealth        | 3 |  3.0
Fighting       | 4 |  4.9
Dodging        | 4 |  4.0
Short Blades   | |  3.0

Action                   |  1- 3 |  4- 6 || total
-------------------------+-------+-------++-------
Melee: Short sword       |    39 |       ||    39
       Dagger            |    48 |   110 ||   158
 Stab: Sleeping          |     6 |     2 ||     8
Armor: Robe              |     5 |       ||     5
       Ring mail         |     9 |    23 ||    32
Dodge: Dodged            |    44 |    46 ||    90
Block: Kite shield       |    12 |    56 ||    68

Table legend: (Time is in decaauts)
 A = Elapsed time spent in this place.
 B = Non-inter-level travel time spent in this place.
 C = Inter-level travel time spent in this place.
 D = Time resting spent in this place.
 E = Time spent auto-exploring this place.
 F = Levels seen in this place.
 G = Mean time per level.
                   A        B        C        D        E       F      G
               +--------+--------+--------+--------+--------+-----+--------+
         Total |   5109 |   5007 |    102 |   2043 |   2398 |   4 | 1277.2 |
       Dungeon |   5109 |   5007 |    102 |   2043 |   2398 |   4 | 1277.2 |
               +--------+--------+--------+--------+--------+-----+--------+

Top non-repeatable levels by time:
     D:3: 1833 daAuts
     D:1: 1805 daAuts
     D:2: 803 daAuts
     D:4: 667 daAuts
